 Dungeon Crawl Stone Soup version 0.17.2-1-ge4368a0 (webtiles) character file.

350 Goblin1989 the Cudgeler (level 6, 0/45 HPs)
             Began as a Demonspawn Artificer on Nov 18, 2016.
             Slain by a river rat (3 damage)
             ... on level 4 of the Dungeon.
             The game lasted 00:15:42 (4191 turns).

Goblin1989 the Cudgeler (Demonspawn Artificer)      Turns: 4191, Time: 00:15:42

Health: 0/45       AC:  5    Str: 11 (13) XL:     6   Next: 33%
Magic:  0/8        EV: 10    Int: 14      God:
Gold:   238        SH:  6    Dex: 15      Spells: 0 memorised, 5 levels left

rFire  . . .     SeeInvis .     a - +0 mace
rCold  . . .     Clarity  .     d - +0 ring mail
rNeg   . . .     SustAt   .     j - +2 buckler
rPois  .         Gourm    .     (no helmet)
rElec  .         Spirit   +     (no cloak)
rCorr  .         Warding  .     (no gloves)
rMut   .         Stasis   .     (no boots)
MR     .....                    (no amulet)
Stlth  +.........               (no ring)
                                (no ring)

@: not resistant to hostile enchantments, very unstealthy
A: hooves 2, thin skeletal structure 1, magic shield
a: no special abilities


You were on level 4 of the Dungeon.
You were hungry.

You visited 1 branch of the dungeon, and saw 4 of its levels.

You collected 238 gold pieces.

Inventory:

Hand Weapons
 a - a +0 mace (weapon)
 b - a +0 hunting sling of flaming
 w - a +1 dagger of venom
Missiles
 u - 89 stones (quivered)
Armour
 d - a +0 ring mail (worn)
 j - a +2 buckler (worn)
Jewellery
 t - an uncursed ring of teleportation
Wands
 c - a wand of flame (6)
 e - a wand of random effects (15)
 E - a wand of enslavement (13)
Scrolls
 g - a scroll of enchant armour {unknown}
 n - a scroll of fog {unknown}
 o - a scroll of random uselessness {unknown}
 q - 2 scrolls of remove curse {@r2}
 r - a scroll of teleportation {unknown}
 s - a scroll of amnesia {unknown}
 R - 2 scrolls of identify {@r1}
Potions
 h - 2 potions of agility {unknown}
 k - a potion of degeneration {!q}
 l - 2 potions of might
 m - 2 potions of curing {unknown}
Comestibles
 f - 4 bread rations {@e1}
 p - a beef jerky


   Skills:
 - Level 2.3 Fighting
 - Level 0.8 Short Blades
 * Level 4.9 Maces & Flails
 - Level 1.7 Dodging
 - Level 0.8 Stealth
 - Level 2.0 Shields
 - Level 3.0 Evocations


You had 5 spell levels left.
You didn't know any spells.

Dungeon Overview and Level Annotations

Branches:
Dungeon (4/15)
 Temple: D:4-7

Altars:
Ashenzari
Elyvilon
Makhleb
Nemelex Xobeh
Okawaru
Trog
Yredelemnul

Shops:
D:4 =

Annotations:
D:3 exclusion: Jessica, Jessica


Innate Abilities, Weirdness & Mutations

You have hoof-like feet.
You have a somewhat thin skeletal structure (Dex +2, Stealth).
When hurt, damage is shared between your health and your magic reserves.


Message History

The river rat barely misses you. The river rat bites you.
* * * LOW HITPOINT WARNING * * *
The rat bites you.
* * * LOW HITPOINT WARNING * * *
You take 5 damage, and have 8/45 hp.
You now have 5/8 mp.
You barely miss the river rat.
The river rat is almost dead.
The river rat closely misses you.
The orc wizard hits you but does no damage.
The river rat twitches its whiskers.
You block the river rat's attack. The rat bites you.
* * * LOW HITPOINT WARNING * * *
The river rat bites you.
* * * LOW HITPOINT WARNING * * *
The orc wizard hits you but does no damage.
You take 5 damage, and have 3/45 hp.
You now have 2/8 mp.
You closely miss the river rat. Your kick misses the river rat.
The river rat is almost dead.
The river rat bites you.
You die...

........·····▓
.......·····▓█████▓
██...█▓·····▓█....▓
██...█▓·····▓█....▓▓▓▓▓▓▓▓▓
.....██·····▓█...█········▓
......█······▓..s∆········▓
......█·····▓▓·.o█········▓
......█·····▓███o█········▓▓
....!██·····▓█.r@█·······.·▓
.....█████████.rr█████..≈≈≈▓
.....██..........r†....≈≈≈≈▓
..................█...≈≈≈≈≈▓
..................█...≈≈≈≈∩▓
..................█...████▓▓
..................█.....·▓
█████████████████████████▓


You could see a scorpion, an orc wizard, 2 river rats, an orc and 2 rats.

Vanquished Creatures
  A crimson imp (D:4)
  A worker ant (D:3)
  A hound (D:4)
  3 orc wizards (D:3)
  A river rat (D:4)
  3 gnolls (D:3)
  6 adders
  4 worms (D:3)
  8 orcs (D:3)
  2 ball pythons
  6 bats
  5 giant cockroaches
  8 hobgoblins
  4 jackals (D:3)
  A quokka (D:2)
  3 giant newts
  5 goblins
  8 kobolds
  4 rats
74 creatures vanquished.

Vanquished Creatures (others)
  A gnoll (D:3)
  An orc (D:3)
2 creatures vanquished.

Grand Total: 76 creatures vanquished

Notes
Turn   | Place    | Note
--------------------------------------------------------------
     0 | D:1      | Goblin1989 the Demonspawn Artificer began the quest for the Orb.
     0 | D:1      | Reached XP level 1. HP: 15/15 MP: 3/3
   302 | D:1      | Gained mutation: You have large cloven feet. [demonic ancestry]
   302 | D:1      | Reached XP level 2. HP: 11/22 MP: 4/4
  1344 | D:2      | Reached skill level 1 in Maces & Flails
  1699 | D:2      | ololoev: hi gobbeer
  1699 | D:2      | Gained mutation: You have hoof-like feet. [demonic ancestry]
  1699 | D:2      | Reached XP level 3. HP: 25/28 MP: 5/5
  1849 | D:2      | Goblin1989: hi
  1849 | D:2      | Oozefury: yo
  1849 | D:2      | Goblin1989: yo
  1849 | D:2      | Goblin1989: ололоев
  1849 | D:2      | Goblin1989: зацени как я чуть в зот 5 не лопухнулся
  1849 | D:2      | Goblin1989: http://crawl.xtahua.com/crawl/morgue/Goblin1989/morgue-Goblin1989-20161116-220459.txt
  1849 | D:2      | Goblin1989: у меня там 1 хп было
  1849 | D:2      | Goblin1989: но в лога только 3 прописалось
  2227 | D:2      | Reached skill level 1 in Shields
  2437 | D:3      | Gained mutation: You have a somewhat thin skeletal structure (Dex +2, Stealth). [demonic ancestry]
  2437 | D:3      | Reached XP level 4. HP: 30/34 MP: 6/6
  2553 | D:3      | Noticed Jessica
  2692 | D:3      | Found an iron altar of Okawaru.
  2737 | D:3      | Found a shattered altar of Ashenzari.
  2737 | D:3      | Found a basalt altar of Yredelemnul.
  2737 | D:3      | Found a burning altar of Makhleb.
  2750 | D:3      | Found a white marble altar of Elyvilon.
  2750 | D:3      | Found a bloodstained altar of Trog.
  2778 | D:3      | Gained mutation: When hurt, damage is shared between your health and your magic reserves. [demonic ancestry]
  2778 | D:3      | Reached XP level 5. HP: 34/39 MP: 7/7
  2820 | D:3      | ololoev: Paralysed by an ancient lich for 6 turns
  2820 | D:3      | ololoev: ну что тебе еще сказать
  2820 | D:3      | ololoev: закономерный результат
  2842 | D:3      | Goblin1989: мне на ход раньше блинкаться нужно было
  2842 | D:3      | Goblin1989: бумал брайб вытянет
  2842 | D:3      | Goblin1989: *думал
  2842 | D:3      | Goblin1989: ну зато теперь я знаю что с ним весело зот 5 убивать, но расслабляться все равно не стоит
  3081 | D:3      | Found a sparkling altar of Nemelex Xobeh.
  3722 | D:3      | Reached skill level 4 in Maces & Flails
  3779 | D:3      | Reached XP level 6. HP: 35/45 MP: 8/8
  4074 | D:4      | Found Emaaguem's Jewellery Shoppe.
  4190 | D:4      | ololoev: лол
  4191 | D:4      | Slain by a river rat

Action                   |  1- 3 |  4- 6 || total
-------------------------+-------+-------++-------
Melee: Short sword       |    67 |       ||    67
       Mace              |    80 |   176 ||   256
       Dagger            |     5 |     2 ||     7
 Fire: Hunting sling     |     3 |    42 ||    45
Throw: Stone             |       |     2 ||     2
Evoke: Wand              |     3 |     8 ||    11
  Use: Scroll            |     5 |     1 ||     6
       Potion            |       |     3 ||     3
 Stab: Sleeping          |     2 |       ||     2
  Eat: Chunk             |     4 |     6 ||    10

Vault maps used:
D:1:      ncdulo_smallfort
D:3:      minmay_overflow_temple_hex, first_bread, nemelex_deck, uniq_jessica
D:4:      serial_shops, nicolae_shop_waterfront, portal_sewer_entry_b
